 Dungeon Crawl Stone Soup version 0.16-a0-3171-gce70061 (webtiles) character file.

252 Ololoev the Cudgeler (level 5, -1/41 HPs)
             Began as a Mummy Chaos Knight on Dec 16, 2014.
             Was a Plaything of Xom.
             Slain by an orc
             ... wielding a +0 mace
              (8 damage)
             ... on level 4 of the Dungeon.
             The game lasted 00:08:18 (2930 turns).

Ololoev the Cudgeler (Mummy Chaos Knight)           Turns: 2930, Time: 00:08:19

Health: -1/41      AC:  6    Str: 16    XL:     5   Next: 89%
Magic:  5/5        EV: 11    Int: 11    God:    Xom [......]
Gold:   217        SH:  0    Dex: 11    Spells: 0 memorised, 4 levels left

rFire  x . .     SeeInvis .     d - +0 whip (elec)
rCold  + . .     Clarity  +     b - +2 leather armour (curse)
rNeg   + + +     SustAb   .     (no shield)
rPois  ∞         Gourm    .     c - +0 helmet
rElec  .         Spirit   .     (no cloak)
rCorr  .         Warding  .     (no gloves)
rMut   .         Stasis   .     (no boots)
MR     .....                    k - amulet of clarity
Stlth  ..........               n - ring of wizardry
                                m - ring of loudness (curse)

@: not resistant to hostile enchantments, extremely unstealthy
A: no food or potions, fire vulnerability, restore body, cold resistance 1,
negative energy resistance 3, poison resistance, torment resistance, unbreathing
a: Renounce Religion


You were on level 4 of the Dungeon.
You worshipped Xom.
You were a very special plaything of Xom.
You were not hungry.

You visited 1 branch of the dungeon, and saw 4 of its levels.

You collected 217 gold pieces.

Notes
Turn   | Place    | Note
--------------------------------------------------------------
     0 | D:1      | Ololoev, the Mummy Chaos Knight, began the quest for the Orb.
     0 | D:1      | Reached XP level 1. HP: 18/18 MP: 1/1
   213 | D:1      | Reached XP level 2. HP: 17/24 MP: 2/2
   346 | D:1      | XOM: divination: detect creatures
   398 | D:1      | XOM: harmless Trmt miscast
   796 | D:2      | Reached skill level 1 in Maces & Flails
   816 | D:2      | XOM: polymorph giant gecko -> orc
   921 | D:2      | Reached XP level 3. HP: 29/29 MP: 3/3
   966 | D:2      | XOM: harmless Divn miscast
  1308 | D:2      | XOM: colour smoke trail
  1448 | D:2      | XOM: god gift: 60 gold pieces
  1461 | D:2      | Found a radiant altar of Vehumet.
  1461 | D:2      | Found a glowing silver altar of Zin.
  1790 | D:3      | XOM: severe Conj miscast
  1858 | D:3      | Reached XP level 4. HP: 22/35 MP: 4/4
  1990 | D:3      | Noticed Sigmund
  1993 | D:3      | Killed Sigmund
  2047 | D:3      | Reached XP level 5. HP: 29/41 MP: 5/5
  2129 | D:3      | XOM is BORED!
  2129 | D:3      | XOM: medium Pois miscast
  2181 | D:3      | Found a basalt altar of Yredelemnul.
  2228 | D:3      | XOM is BORED!
  2228 | D:3      | XOM: mild Necr miscast
  2352 | D:3      | XOM: medium Hex miscast
  2356 | D:3      | Found a shimmering altar of Xom.
  2452 | D:3      | Found a sparkling altar of Nemelex Xobeh.
  2832 | D:4      | XOM: summons 3 hostile shadow creatures
  2915 | D:4      | Reached skill level 4 in Maces & Flails
  2926 | D:4      | XOM: summons 2 hostile demons
  2930 | D:4      | Slain by an orc

Inventory:

Hand weapons
 d - a +0 whip of electrocution (weapon)
Armour
 b - a cursed +2 leather armour (worn)
 c - a +0 helmet (worn)
Jewellery
 g - an uncursed amulet of regeneration
 k - an amulet of clarity (around neck)
 m - a cursed ring of loudness (left hand)
 n - a ring of wizardry (right hand)
Magical devices
 h - a wand of digging (15)
Scrolls
 a - a scroll of enchant weapon {unknown}
 e - 5 scrolls of identify {unknown}
 f - 2 scrolls of amnesia {unknown}
 i - 2 scrolls of immolation {unknown}
 j - 5 scrolls of remove curse {unknown}
 l - a scroll of fog {unknown}

Table legend:
 A = Turns spent in this place as a percentage of turns spent in the entire game.
 B = Non-inter-level travel turns spent in this place as a percentage of non-inter-level travel turns spent in the entire game.
 C = Inter-level travel turns spent in this place as a percentage of turns spent in this place.
 D = Turns resting spent in this place as a percentage of non-inter-level travel turns spent in this place.
 E = Turns spent auto-exploring this place as a percentage of non-inter-level travel turns spent in this place.
 F = Non-inter-level travel turns spent in this place divided by the number of levels of this place that you've seen.
                   A       B       C       D       E      F
               +-------+-------+-------+-------+-------+----------------------
         Total | 100.0 | 100.0 |   0.5 |   4.2 |  17.3 | 196.0
       Dungeon | 100.0 | 100.0 |   0.5 |   4.2 |  17.3 | 196.0
               +-------+-------+-------+-------+-------+----------------------


   Skills:
 - Level 3.0 Fighting
   Level 2.6 Long Blades
 * Level 4.1 Maces & Flails
 - Level 2.5 Armour
 - Level 0.7 Dodging


You had 4 spell levels left.
You didn't know any spells.

Dungeon Overview and Level Annotations

Branches:
Dungeon (4/15)
 Temple: D:4-7

Altars:
Nemelex Xobeh
Vehumet
Xom
Yredelemnul
Zin


Innate Abilities, Weirdness & Mutations

You do not eat or drink.
Your flesh is vulnerable to fire.
Your flesh is cold resistant.
You are immune to negative energy.
Your system is resistant to poisons.
You are immune to unholy pain and torment.
You can survive without breathing.


Message History

You kill the orc!
The orc misses you. The orc hits you with a trident.
Things that are here:
a dagger; a dyed leather armour You barely miss the orc.
You barely miss the orc. The orc closely misses you.
You hit the orc.
The orc is moderately wounded. "Time to have some fun!"
The orc closely misses you.
You are too injured to fight recklessly!
You are too injured to fight recklessly!
You are too injured to fight recklessly!
You are too injured to fight recklessly!
You are too injured to fight recklessly!
You are too injured to fight recklessly!
You are too injured to fight recklessly!
You are too injured to fight recklessly!
You are too injured to fight recklessly!
You are too injured to fight recklessly!
You are too injured to fight recklessly!
You are too injured to fight recklessly!
You are too injured to fight recklessly!
You are too injured to fight recklessly!
You are too injured to fight recklessly!
You hit the orc.
There is a sudden explosion of sparks!
You kill the orc!
You hit the orc.
There is a sudden explosion of sparks!
You kill the orc!
The white imp hits you. The white imp freezes you. You resist.
The white imp gestures at you. The puff of frost hits you! You resist.
The orc barely misses you.
Things that are here:
a trident; a ring mail; an orc corpse You hit the orc.
The orc is moderately wounded.
The crimson imp misses you. The orc hits you with a mace!
You die... "I guess I need a new plaything now."

.........#.#.[##..##.#
.[...#............# #
.....#...#[..##...#.##
.......#........>....#
.......#..#.#..........
#............#.#...##.##
...##.)5$..##........#
###5########.#### #@# .#
#o# +# #.# #.# ..# ..#
... ...# ..#


You could see a crimson imp, a white imp and an orc.

Table legend:
 A = Kills in this place as a percentage of kills in entire the game.
 B = Kills by you in this place as a percentage of kills by you in the entire game.
 C = Kills by friends in this place as a percentage of kills by friends in the entire game.
 D = Other kills in this place as a percentage of other kills in the entire game.
 E = Experience gained in this place as a percentage of experience gained in the entire game.
 F = Experience gained in this place divided by the number of levels of this place that you have seen.
                   A       B       C       D       E      F
               +-------+-------+-------+-------+-------+----------------------
         Total | 100.0 | 100.0 | 100.0 |  -nan | 100.0 |  90.2
       Dungeon | 100.0 | 100.0 | 100.0 |  -nan | 100.0 |  90.2
               +-------+-------+-------+-------+-------+----------------------

Vanquished Creatures
  3 orc wizards (D:4)
  2 adders (D:2)
  A gnoll (D:3)
  3 worms
  2 giant geckos (D:2)
  8 orcs
  2 ball pythons (D:2)
  4 giant cockroaches
  7 goblins
  4 hobgoblins
  9 kobolds
  A quokka (D:3)
  5 bats
  2 giant newts (D:1)
  A kobold (shapeshifter) (D:2)
  4 rats
58 creatures vanquished.

Vanquished Creatures (collateral kills)
  Sigmund (D:3)
  An orc priest (D:3)
  3 orcs (D:3)
  2 giant newts (D:3)
  A goblin (D:3)
8 creatures vanquished.

Grand Total: 66 creatures vanquished

Action                   |  1- 3 |  4- 6 || total
-------------------------+-------+-------++-------
Melee: Falchion          |     7 |       ||     7
       Whip              |   101 |    89 ||   190
 Stab: Sleeping          |     1 |       ||     1

Vault maps used:
D:1:      saegor_arrival_simple_f, minmay_misc_feat_hallway, serial_park_tiny_2,
          corexii_item_surrounded_by_moat, kennysheep_nondescript
D:2:      gammafunk_temple_overflow_elements, first_bread
D:3:      nemelex_deck, yredelemnul_altar_generic, tgw_xom, uniq_sigmund
D:4:      temple_green, hangedman_decor_peaks_small, hangedman_decor_slide_cut,
          eino_small_chamber_without_monster, serial_park_tiny_2,
          hangedman_abyss_or_decor_stagger
